CAROLINA vs ST.LOUIS

Created - April 28, 2021 at 15:53

Goals
1 2 3 OT1 T
CAROLINA 1 1 0 0 2
ST.LOUIS 0 0 2 1 3
Shots
1 2 3 OT1 T
CAROLINA 9 7 7 2 25
ST.LOUIS 8 5 5 1 19

1st period

1. CAROLINA , Adam Henrique 20 (Matt Benning 16, Matt Martin 7) at 6:16

Penalties :
Jeff Carter (STL) for Holding (Minor) at 4:04, Kyle Clifford (CAR) for Hooking (Minor) at 13:03, Matt Benning (CAR) for Hooking (Minor) at 15:14

2nd period

2. CAROLINA , Shea Weber 11 (Nicklas Backstrom 30) at 0:40 (PP)

Penalties :
Jaden Schwartz (STL) for Interference (Minor) at 0:38, Kyle Clifford (CAR) for Roughing (Minor) at 2:10, Sam Lafferty (CAR) for Slashing (Minor) at 10:28, Joel L'Esperance (CAR) for Holding Stick (Minor) at 13:17

3rd period

3. ST.LOUIS , Brett Howden 6 (Neal Pionk 7, Joonas Donskoi 5) at 6:33
4. ST.LOUIS , Jaden Schwartz 19 (Brenden Dillon 21, Brett Connolly 16) at 12:13

Penalties :
Kyle Clifford (CAR) for Holding (Minor) at 1:23, Brett Howden (STL) for Boarding (Minor) at 3:54, Alexander Radulov (CAR) for Elbowing (Minor) at 7:46, Sam Gagner (STL) for Interference (Minor) at 19:39

Overtime #1

5. ST.LOUIS , Jeff Carter 10 (Brett Howden 8, Andy Greene 24) at 3:42

Penalties :
No Penalty

Goalie Stats

Samuel Montembeault (CAR), 16 saves from 19 shots - (0.842), OTL, 5-2-3, 63:43 minutes
Semyon Varlamov (STL), 23 saves from 25 shots - (0.920), W, 22-20-5, 63:43 minutes

Players Stats for CAROLINA

Player Name              G  A  P  +/- PIM S  H  SB GA TA FO     MP     PP MP  PK MP  
------------------------------------------------------------------------------------
Adam Henrique            1  0  1   0  0   1  0  0  0  0  0/1    13:10   0:00   0:00 
Alexander Radulov        0  0  0   0  2   1  0  2  0  0  0/1    18:28   2:25   4:08 
Brent Burns              0  0  0  -1  0   2  1  1  0  0  0/0    26:22   1:59   7:06 
Cooper Marody            0  0  0   0  0   0  0  0  0  0  0/0     0:00   0:00   0:00 
Deryk Engelland          0  0  0   0  0   3  5  1  0  0  0/0    23:53   1:55   6:54 
Dominik Kubalik          0  0  0  -2  0   1  1  0  0  0  0/1    17:07   1:55   0:13 
Duncan Keith             0  0  0   0  0   2  1  2  0  0  0/0    24:37   1:55   6:47 
Joel L'Esperance         0  0  0   0  2   0  0  0  0  0  0/0     4:02   0:00   0:00 
Josh Brown               0  0  0  -1  0   0  0  0  0  0  0/0    12:16   0:00   0:12 
Kyle Clifford            0  0  0   0  6   0  4  0  0  0  0/0    13:27   2:25   0:00 
Luke Kunin               0  0  0   0  0   0  0  0  0  0  9/17   16:56   0:00   3:46 
Matt Benning             0  1  1  -1  2   0  1  0  0  0  0/0    12:49   0:46   0:00 
Matt Martin              0  1  1   0  0   1  2  0  0  0  0/0    13:44   0:00   0:00 
Nicklas Backstrom        0  1  1  -1  0   3  0  0  0  0  11/23  23:55   2:25   8:25 
Patrice Bergeron         0  0  0  -1  0   5  1  0  0  0  19/24  26:29   1:55   5:36 
Sam Lafferty             0  0  0   0  2   0  3  0  0  0  1/5     5:04   0:00   0:48 
Shea Weber               1  0  1   0  0   5  1  1  0  0  0/0    25:24   2:05   6:47 
Vladimir Tarasenko       0  0  0  -1  0   1  1  1  0  0  2/7    21:05   1:55   4:50 

Players Stats for ST.LOUIS

Player Name              G  A  P  +/- PIM S  H  SB GA TA FO     MP     PP MP  PK MP  
------------------------------------------------------------------------------------
Adam Fox                 0  0  0   1  0   0  0  1  0  0  0/0    13:51   0:00   0:59 
Andy Greene              0  1  1   1  0   4  0  2  0  0  0/0    25:55   6:06   2:55 
Blake Lizotte            0  0  0  -1  0   1  0  0  0  0  4/7     7:07   0:00   0:10 
Brayden McNabb           0  0  0   1  0   1  1  1  0  0  0/0    23:10   7:47   2:20 
Brenden Dillon           0  1  1   0  0   1  1  0  0  0  0/0    22:58   7:41   2:01 
Brett Connolly           0  1  1   1  0   0  0  0  0  0  2/4    18:28   5:55   0:00 
Brett Howden             1  1  2   2  2   2  1  0  0  0  4/8    11:42   0:00   0:00 
Carl Soderberg           0  0  0   1  0   1  3  0  0  0  9/16   19:48   5:55   1:20 
Darnell Nurse            0  0  0   0  0   1  4  2  0  0  0/0    25:43   6:06   3:09 
Eric Fehr                0  0  0   0  0   0  0  0  0  0  0/0     0:06   0:06   0:00 
Jaden Schwartz           1  0  1   1  2   2  0  0  0  0  3/4    19:47   5:55   1:20 
James Neal               0  0  0   1  0   0  0  0  0  0  0/1    13:43   0:00   0:44 
Jeff Carter              1  0  1   1  2   2  3  0  0  0  2/2    20:53   7:52   0:00 
Johnny Gaudreau          0  0  0   0  0   1  0  0  0  0  1/6    24:02   7:58   3:26 
Joonas Donskoi           0  1  1   1  0   0  0  0  0  0  1/1    11:29   0:00   0:10 
Neal Pionk               0  1  1   0  0   0  1  1  0  0  0/0    13:45   0:06   0:34 
Ryan Johansen            0  0  0   0  0   3  3  0  0  0  11/29  23:45   7:58   3:09 
Sam Gagner               0  0  0  -1  2   0  0  0  0  0  0/1     5:16   0:00   0:00 
Tim Schaller             0  0  0  -1  0   0  0  0  0  0  0/0     5:17   0:00   0:00 

3 Stars

1 - Brett Howden (STL)
2 - Jeff Carter (STL)
3 - Shea Weber (CAR)

Power Play

CAROLINA - 1 on 4 Attempt(s) - 25.00%
ST.LOUIS - 0 on 7 Attempt(s) - 0.00%

Penalty Kill

CAROLINA - 7 on 7 Attempt(s) - 100.00% - Score 0 goal in Penalty Kill
ST.LOUIS - 3 on 4 Attempt(s) - 75.00% - Score 0 goal in Penalty Kill

Team Stat

CAROLINA - Hits : 21 - Faceoff Wins : 42 - Blocked Shots : 8 - Penalty Minutes : 14
ST.LOUIS - Hits : 17 - Faceoff Wins : 37 - Blocked Shots : 7 - Penalty Minutes : 8

Official

Referees : Jason Deblois and Alex McNeil
Linesman : Simon L and Kevin Martin

Game Notes

No Game Note

Finance

Level 1 -- Attendance: 5647 (94.12%) -- Ticket Income $429,172
Level 2 -- Attendance: 5000 (100.00%) -- Ticket Income $275,000
Level 3 -- Attendance: 1962 (98.10%) -- Ticket Income $68,670
Level 4 -- Attendance: 3736 (93.40%) -- Ticket Income $74,720
Luxury Box -- Attendance: 1000 (100.00%) -- Ticket Income $150,000
Game was played at the Scottrade Center.
Total Attendance: 17345 (96.36%)
Total Ticket Income: $997,562
Total Income: $997,562

CAROLINA

5 vs 5 Forward 
   Center                   Left Wing                Right Wing               Time % Phy DF OF 
 1 Patrice Bergeron         Dominik Kubalik          Vladimir Tarasenko       35     1   2  2  
 2 Nicklas Backstrom        Kyle Clifford            Alexander Radulov        30     1   2  2  
 3 Luke Kunin               Matt Martin              Adam Henrique            25     1   2  2  
 4 Sam Lafferty             Patrice Bergeron         Joel L'Esperance         10     1   2  2  

5 vs 5 Defense 
   Defense                  Defense                                           Time % Phy DF OF 
 1 Brent Burns              Deryk Engelland                                   35     1   2  2  
 2 Duncan Keith             Shea Weber                                        30     1   2  2  
 3 Matt Benning             Josh Brown                                        25     1   2  2  
 4 Brent Burns              Shea Weber                                        10     1   2  2  

PowerPlay Forward 
   Center                   Left Wing                Right Wing               Time % Phy DF OF 
 1 Patrice Bergeron         Dominik Kubalik          Vladimir Tarasenko       60     1   2  2  
 2 Nicklas Backstrom        Kyle Clifford            Alexander Radulov        40     1   2  2  

PowerPlay Defense
   Defense                  Defense                                           Time % Phy DF OF 
 1 Brent Burns              Shea Weber                                        60     1   2  2  
 2 Duncan Keith             Deryk Engelland                                   40     1   2  2  

Penalty Kill 4 Players Forward 
   Center                   Wing                     Time % Phy DF OF 
 1 Patrice Bergeron         Nicklas Backstrom        60     1   2  2  
 2 Vladimir Tarasenko       Alexander Radulov        40     1   2  2  

Penalty Kill 4 Players Defense
   Defense                  Defense                  Time % Phy DF OF 
 1 Brent Burns              Deryk Engelland          60     1   2  2  
 2 Duncan Keith             Shea Weber               40     1   2  2  

Penalty Kill - 3 Players Forward 
   Forward                                           Time % Phy DF OF 
 1 Patrice Bergeron                                  60     1   2  2  
 2 Nicklas Backstrom                                 40     1   2  2  

Penalty Kill - 3 Players Defense
   Defense                  Defense                  Time % Phy DF OF 
 1 Brent Burns              Deryk Engelland          60     1   2  2  
 2 Duncan Keith             Shea Weber               40     1   2  2  

4 vs 4 Forward 
   Center                   Wing                     Time % Phy DF OF 
 1 Patrice Bergeron         Nicklas Backstrom        60     1   2  2  
 2 Vladimir Tarasenko       Alexander Radulov        40     1   2  2  

4 vs 4 Defense
   Defense                  Defense                  Time % Phy DF OF 
 1 Brent Burns              Deryk Engelland          60     1   2  2  
 2 Duncan Keith             Shea Weber               40     1   2  2  

Last Minutes Offensive
   Center                   Left Wing                Right Wing               Defense                  Defense                  
   Nicklas Backstrom        Dominik Kubalik          Alexander Radulov        Brent Burns              Shea Weber               

Last Minutes Defensive
   Center                   Left Wing                Right Wing               Defense                  Defense                  
   Nicklas Backstrom        Dominik Kubalik          Alexander Radulov        Brent Burns              Shea Weber               

Goaltenders
Starting : Samuel Montembeault      
Backup : Sergei Bobrovsky         

Extra Forwards
Normal : Cooper Marody, Adam Henrique, Luke Kunin - PP : Cooper Marody, Adam Henrique - PK : Luke Kunin
Extra Defensemen
Normal : Matt Benning, Josh Brown, Duncan Keith - PP : Matt Benning - PK : Josh Brown, Duncan Keith
Penalty Shots
Patrice Bergeron, Nicklas Backstrom, Vladimir Tarasenko, Alexander Radulov, Adam Henrique

Scratches
CAR Cap Hit (Healthy)

ST.LOUIS

5 vs 5 Forward 
   Center                   Left Wing                Right Wing               Time % Phy DF OF 
 1 Ryan Johansen            Johnny Gaudreau          Jeff Carter              35     1   2  2  
 2 Carl Soderberg           Jaden Schwartz           Brett Connolly           30     1   2  2  
 3 Brett Howden             Joonas Donskoi           James Neal               25     1   2  2  
 4 Blake Lizotte            Tim Schaller             Sam Gagner               10     1   2  2  

5 vs 5 Defense 
   Defense                  Defense                                           Time % Phy DF OF 
 1 Darnell Nurse            Andy Greene                                       35     1   2  2  
 2 Brayden McNabb           Brenden Dillon                                    30     1   2  2  
 3 Neal Pionk               Adam Fox                                          25     1   2  2  
 4 Darnell Nurse            Andy Greene                                       10     1   2  2  

PowerPlay Forward 
   Center                   Left Wing                Right Wing               Time % Phy DF OF 
 1 Ryan Johansen            Johnny Gaudreau          Jeff Carter              60     1   2  2  
 2 Carl Soderberg           Jaden Schwartz           Brett Connolly           40     1   2  2  

PowerPlay Defense
   Defense                  Defense                                           Time % Phy DF OF 
 1 Darnell Nurse            Andy Greene                                       60     1   2  2  
 2 Brayden McNabb           Brenden Dillon                                    40     1   2  2  

Penalty Kill 4 Players Forward 
   Center                   Wing                     Time % Phy DF OF 
 1 Johnny Gaudreau          Ryan Johansen            60     1   2  2  
 2 Jaden Schwartz           Carl Soderberg           40     1   2  2  

Penalty Kill 4 Players Defense
   Defense                  Defense                  Time % Phy DF OF 
 1 Darnell Nurse            Andy Greene              60     1   2  2  
 2 Brayden McNabb           Brenden Dillon           40     1   2  2  

Penalty Kill - 3 Players Forward 
   Forward                                           Time % Phy DF OF 
 1 Johnny Gaudreau                                   60     1   2  2  
 2 Ryan Johansen                                     40     1   2  2  

Penalty Kill - 3 Players Defense
   Defense                  Defense                  Time % Phy DF OF 
 1 Darnell Nurse            Andy Greene              60     1   2  2  
 2 Brayden McNabb           Brenden Dillon           40     1   2  2  

4 vs 4 Forward 
   Center                   Wing                     Time % Phy DF OF 
 1 Johnny Gaudreau          Ryan Johansen            60     1   2  2  
 2 Jaden Schwartz           Carl Soderberg           40     1   2  2  

4 vs 4 Defense
   Defense                  Defense                  Time % Phy DF OF 
 1 Darnell Nurse            Andy Greene              60     1   2  2  
 2 Brayden McNabb           Brenden Dillon           40     1   2  2  

Last Minutes Offensive
   Center                   Left Wing                Right Wing               Defense                  Defense                  
   Ryan Johansen            Johnny Gaudreau          Jeff Carter              Darnell Nurse            Andy Greene              

Last Minutes Defensive
   Center                   Left Wing                Right Wing               Defense                  Defense                  
   Ryan Johansen            Johnny Gaudreau          Jeff Carter              Darnell Nurse            Andy Greene              

Goaltenders
Starting : Semyon Varlamov          
Backup : Elvis Merzlikins         

Extra Forwards
Normal : Eric Fehr, Joonas Donskoi, James Neal - PP : Eric Fehr, Joonas Donskoi - PK : James Neal
Extra Defensemen
Normal : Neal Pionk, Adam Fox, Brayden McNabb - PP : Neal Pionk - PK : Adam Fox, Brayden McNabb
Penalty Shots
Johnny Gaudreau, Ryan Johansen, Jaden Schwartz, Carl Soderberg, Jeff Carter

Scratches
STL Cap Hit (Suspend), Nick Ritchie (Healthy)

% Time on Ice - CAROLINA

Lines # - Real PCT - Wanted PCT - Time Play
Normal Forward
1 - 32% - 35% - 13:29
2 - 27% - 30% - 11:05
3 - 32% - 25% - 13:10
4 - 10% - 10% - 4:03
Normal Defense
1 - 34% - 35% - 14:16
2 - 33% - 30% - 13:50
3 - 29% - 25% - 12:04
4 - 4% - 10% - 1:37
PP Forward
1 - 44% - 60% - 1:55
2 - 56% - 40% - 2:25
PP Defense
1 - 56% - 60% - 2:25
2 - 44% - 40% - 1:55
PK Forward
1 - 65% - 60% - 9:03
2 - 35% - 40% - 4:50
PK Defense
1 - 51% - 60% - 7:06
2 - 49% - 40% - 6:47
PK3 Forward
1 - 0% - 60%
2 - 0% - 40%
PK3 Defense
1 - 0% - 60%
2 - 0% - 40%
44 Forward
1 - 48% - 60% - 0:48
2 - 52% - 40% - 0:51
44 Defense
1 - 48% - 60% - 0:48
2 - 52% - 40% - 0:51
Last Minute Offensive  - 0:00
Last Minute Defensive  - 0:00
Total
Forward - 61:39
Defense - 61:39

% Time on Ice - ST.LOUIS

Lines # - Real PCT - Wanted PCT - Time Play
Normal Forward
1 - 30% - 35% - 12:38
2 - 30% - 30% - 12:33
3 - 27% - 25% - 11:19
4 - 13% - 10% - 5:17
Normal Defense
1 - 35% - 35% - 14:25
2 - 31% - 30% - 13:03
3 - 31% - 25% - 13:05
4 - 3% - 10% - 1:14
PP Forward
1 - 57% - 60% - 7:58
2 - 43% - 40% - 5:55
PP Defense
1 - 44% - 60% - 6:06
2 - 56% - 40% - 7:47
PK Forward
1 - 69% - 60% - 3:00
2 - 31% - 40% - 1:20
PK Defense
1 - 61% - 60% - 2:39
2 - 39% - 40% - 1:41
PK3 Forward
1 - 57% - 60% - 0:56
2 - 43% - 40% - 0:43
PK3 Defense
1 - 46% - 60% - 0:46
2 - 54% - 40% - 0:53
44 Forward
1 - 0% - 60%
2 - 0% - 40%
44 Defense
1 - 0% - 60%
2 - 0% - 40%
Last Minute Offensive  - 0:00
Last Minute Defensive  - 0:00
Total
Forward - 61:39
Defense - 61:39

Play-by-Play

1st period


0:01 of 1st period - Patrice Bergeron wins face-off versus Ryan Johansen in neutral zone.
0:01 of 1st period - Brent Burns is hit by Ryan Johansen.
0:17 of 1st period - Vladimir Tarasenko is hit by Darnell Nurse.
0:39 of 1st period - Shot by Vladimir Tarasenko.
0:39 of 1st period - Stopped by Semyon Varlamov with a rebound.
0:41 of 1st period - Shot by Deryk Engelland.
0:41 of 1st period - Stopped by Semyon Varlamov without a rebound.
0:42 of 1st period - Jaden Schwartz wins face-off versus Nicklas Backstrom in ST.LOUIS zone.
1:03 of 1st period - Shot by Jaden Schwartz.
1:03 of 1st period - Shot Misses the Net.
1:05 of 1st period - Shot by Brayden McNabb.
1:05 of 1st period - Stopped by Samuel Montembeault without a rebound.
1:06 of 1st period - Luke Kunin wins face-off versus James Neal in CAROLINA zone.
4:04 of 1st period - Minor Penalty to Jeff Carter for Holding.
4:05 of 1st period - Nicklas Backstrom wins face-off versus Johnny Gaudreau in ST.LOUIS zone.
4:16 of 1st period - Shot by Alexander Radulov.
4:16 of 1st period - Shot Misses the Net.
4:52 of 1st period - Shot by Duncan Keith.
4:52 of 1st period - Shot Misses the Net.
5:06 of 1st period - Shot by Jaden Schwartz.
5:06 of 1st period - Shot Misses the Net.
6:12 of 1st period - Shot by Matt Martin.
6:12 of 1st period - Shot Misses the Net.
6:14 of 1st period - Shot by Matt Benning.
6:14 of 1st period - Shot Blocked by Neal Pionk.
6:16 of 1st period - Shot by Adam Henrique.
6:16 of 1st period - Goal by Adam Henrique - CAROLINA : 1 - ST.LOUIS : 0.
6:17 of 1st period - Luke Kunin wins face-off versus Brett Howden in neutral zone.
6:28 of 1st period - Shea Weber is hit by Brett Howden and loses puck.
6:34 of 1st period - Icing by Brent Burns.
6:35 of 1st period - Luke Kunin wins face-off versus Blake Lizotte in CAROLINA zone.
7:35 of 1st period - Shot by Johnny Gaudreau.
7:35 of 1st period - Shot Blocked by Brent Burns.
7:56 of 1st period - Icing by Brayden McNabb.
7:57 of 1st period - Nicklas Backstrom wins face-off versus Ryan Johansen in ST.LOUIS zone.
8:12 of 1st period - Nicklas Backstrom is hit by Ryan Johansen and loses puck.
9:10 of 1st period - Shot by Vladimir Tarasenko.
9:10 of 1st period - Shot Misses the Net.
9:12 of 1st period - Shot by Deryk Engelland.
9:12 of 1st period - Shot Blocked by Andy Greene.
9:16 of 1st period - Shot by Dominik Kubalik.
9:16 of 1st period - Shot Misses the Net.
9:34 of 1st period - Shot by Vladimir Tarasenko.
9:34 of 1st period - Shot Misses the Net.
9:36 of 1st period - Shot by Vladimir Tarasenko.
9:36 of 1st period - Shot Misses the Net.
9:38 of 1st period - Shot by Deryk Engelland.
9:38 of 1st period - Stopped by Semyon Varlamov without a rebound.
9:39 of 1st period - Brett Howden wins face-off versus Sam Lafferty in ST.LOUIS zone.
9:39 of 1st period - Brett Howden is hit by Sam Lafferty.
9:49 of 1st period - Shot by Patrice Bergeron.
9:49 of 1st period - Stopped by Semyon Varlamov without a rebound.
9:50 of 1st period - Ryan Johansen wins face-off versus Sam Lafferty in ST.LOUIS zone.
10:03 of 1st period - Shot by Patrice Bergeron.
10:03 of 1st period - Deflect By Sam Lafferty.
10:03 of 1st period - Shot Blocked by Adam Fox.
10:32 of 1st period - Icing by Duncan Keith.
10:33 of 1st period - Brett Howden wins face-off versus Sam Lafferty in CAROLINA zone.
10:57 of 1st period - Brett Howden is hit by Sam Lafferty and loses puck.
11:34 of 1st period - Shot by Nicklas Backstrom.
11:34 of 1st period - Shot Misses the Net.
11:52 of 1st period - Shot by Blake Lizotte.
11:52 of 1st period - Stopped by Samuel Montembeault without a rebound.
11:53 of 1st period - Luke Kunin wins face-off versus Ryan Johansen in CAROLINA zone.
11:53 of 1st period - Luke Kunin is hit by Ryan Johansen.
13:01 of 1st period - Neal Pionk is hit by Kyle Clifford and loses puck.
13:03 of 1st period - Minor Penalty to Kyle Clifford for Hooking.
13:04 of 1st period - Sam Lafferty wins face-off versus Carl Soderberg in CAROLINA zone.
13:04 of 1st period - Brent Burns is hit by Carl Soderberg and loses puck.
13:46 of 1st period - Icing by Andy Greene.
13:47 of 1st period - Ryan Johansen wins face-off versus Vladimir Tarasenko in ST.LOUIS zone.
14:07 of 1st period - Icing by Johnny Gaudreau.
14:08 of 1st period - Patrice Bergeron wins face-off versus Ryan Johansen in ST.LOUIS zone.
14:17 of 1st period - Shot by Nicklas Backstrom.
14:17 of 1st period - Stopped by Semyon Varlamov without a rebound.
14:18 of 1st period - Jaden Schwartz wins face-off versus Patrice Bergeron in ST.LOUIS zone.
14:30 of 1st period - Icing by Brenden Dillon.
14:31 of 1st period - Patrice Bergeron wins face-off versus Carl Soderberg in ST.LOUIS zone.
14:40 of 1st period - Shot by Brent Burns.
14:40 of 1st period - Stopped by Semyon Varlamov with a rebound.
15:06 of 1st period - Andy Greene is hit by Matt Benning and loses puck.
15:14 of 1st period - Minor Penalty to Matt Benning for Hooking.
15:15 of 1st period - Ryan Johansen wins face-off versus Vladimir Tarasenko in CAROLINA zone.
15:16 of 1st period - Shot by Andy Greene.
15:16 of 1st period - Stopped by Samuel Montembeault with a rebound.
15:37 of 1st period - Shot by Jeff Carter.
15:37 of 1st period - Stopped by Samuel Montembeault without a rebound.
15:38 of 1st period - Carl Soderberg wins face-off versus Nicklas Backstrom in CAROLINA zone.
15:43 of 1st period - Shot by Darnell Nurse.
15:43 of 1st period - Stopped by Samuel Montembeault without a rebound.
15:44 of 1st period - Ryan Johansen wins face-off versus Nicklas Backstrom in CAROLINA zone.
15:49 of 1st period - Shot by Johnny Gaudreau.
15:49 of 1st period - Stopped by Samuel Montembeault without a rebound.
15:50 of 1st period - Patrice Bergeron wins face-off versus Ryan Johansen in CAROLINA zone.
15:57 of 1st period - Johnny Gaudreau is hit by Deryk Engelland and loses puck.
16:48 of 1st period - Carl Soderberg is hit by Brent Burns and loses puck.
17:11 of 1st period - Shot by Brenden Dillon.
17:11 of 1st period - Stopped by Samuel Montembeault without a rebound.
17:12 of 1st period - Vladimir Tarasenko wins face-off versus Ryan Johansen in CAROLINA zone.
18:09 of 1st period - Shot by Nicklas Backstrom.
18:09 of 1st period - Stopped by Semyon Varlamov without a rebound.
18:10 of 1st period - Nicklas Backstrom wins face-off versus Johnny Gaudreau in ST.LOUIS zone.
18:31 of 1st period - Shot by Ryan Johansen.
18:31 of 1st period - Stopped by Samuel Montembeault without a rebound.
18:32 of 1st period - Carl Soderberg wins face-off versus Patrice Bergeron in CAROLINA zone.
18:49 of 1st period - Shot by Patrice Bergeron.
18:49 of 1st period - Shot Misses the Net.
18:59 of 1st period - Shot by Jaden Schwartz.
18:59 of 1st period - Deflect By Carl Soderberg.
18:59 of 1st period - Shot Misses the Net.
19:38 of 1st period - Kyle Clifford is hit by Darnell Nurse and loses puck.
19:46 of 1st period - Kyle Clifford is hit by Darnell Nurse and loses puck.
19:57 of 1st period - Shot by Alexander Radulov.
19:57 of 1st period - Stopped by Semyon Varlamov without a rebound.
19:58 of 1st period - Luke Kunin wins face-off versus Brett Howden in ST.LOUIS zone.
19:58 of 1st period - Adam Henrique is hit by Neal Pionk.
Goals for this period are 1 for CAROLINA vs 0 for ST.LOUIS.
Shots for this period are 9 for CAROLINA vs 8 for ST.LOUIS.

2nd period


0:01 of 2nd period - Patrice Bergeron wins face-off versus Ryan Johansen in neutral zone.
0:35 of 2nd period - Icing by Brent Burns.
0:36 of 2nd period - Brett Connolly wins face-off versus Patrice Bergeron in CAROLINA zone.
0:38 of 2nd period - Minor Penalty to Jaden Schwartz for Interference.
0:39 of 2nd period - Nicklas Backstrom wins face-off versus Johnny Gaudreau in ST.LOUIS zone.
0:40 of 2nd period - Shot by Shea Weber.
0:40 of 2nd period - Goal by Shea Weber - CAROLINA : 2 - ST.LOUIS : 0.
0:41 of 2nd period - Carl Soderberg wins face-off versus Nicklas Backstrom in neutral zone.
0:46 of 2nd period - Shot by Jaden Schwartz.
0:46 of 2nd period - Shot Misses the Net.
0:49 of 2nd period - Icing by Duncan Keith.
0:50 of 2nd period - Nicklas Backstrom wins face-off versus Ryan Johansen in CAROLINA zone.
0:55 of 2nd period - Shot by Shea Weber.
0:55 of 2nd period - Stopped by Semyon Varlamov without a rebound.
0:56 of 2nd period - Patrice Bergeron wins face-off versus Carl Soderberg in ST.LOUIS zone.
1:03 of 2nd period - Shot by Patrice Bergeron.
1:03 of 2nd period - Shot Blocked by Darnell Nurse.
1:05 of 2nd period - Shot by Vladimir Tarasenko.
1:05 of 2nd period - Shot Misses the Net.
1:20 of 2nd period - Vladimir Tarasenko is hit by Darnell Nurse and loses puck.
1:23 of 2nd period - Shot by Dominik Kubalik.
1:23 of 2nd period - Stopped by Semyon Varlamov with a rebound.
1:25 of 2nd period - Shot by Vladimir Tarasenko.
1:25 of 2nd period - Shot Blocked by Darnell Nurse.
1:27 of 2nd period - Shot by Shea Weber.
1:27 of 2nd period - Shot Misses the Net.
1:29 of 2nd period - Shot by Dominik Kubalik.
1:29 of 2nd period - Shot Misses the Net.
1:47 of 2nd period - Alexander Radulov is hit by Carl Soderberg and loses puck.
2:10 of 2nd period - Minor Penalty to Kyle Clifford for Roughing.
2:11 of 2nd period - Patrice Bergeron wins face-off versus Ryan Johansen in CAROLINA zone.
2:11 of 2nd period - Patrice Bergeron is hit by Jeff Carter.
2:21 of 2nd period - Shot by Shea Weber.
2:21 of 2nd period - Stopped by Semyon Varlamov without a rebound.
2:22 of 2nd period - Patrice Bergeron wins face-off versus Ryan Johansen in ST.LOUIS zone.
2:22 of 2nd period - Patrice Bergeron is hit by Brayden McNabb.
2:27 of 2nd period - Icing by Ryan Johansen.
2:28 of 2nd period - Nicklas Backstrom wins face-off versus Ryan Johansen in ST.LOUIS zone.
2:29 of 2nd period - Shot by Patrice Bergeron.
2:29 of 2nd period - Stopped by Semyon Varlamov without a rebound.
2:30 of 2nd period - Patrice Bergeron wins face-off versus Ryan Johansen in ST.LOUIS zone.
2:47 of 2nd period - Shot by Johnny Gaudreau.
2:47 of 2nd period - Shot Blocked by Duncan Keith.
3:19 of 2nd period - Shot by Nicklas Backstrom.
3:19 of 2nd period - Shot Blocked by Brayden McNabb.
3:24 of 2nd period - Brayden McNabb is hit by Patrice Bergeron and loses puck.
3:45 of 2nd period - Shot by Andy Greene.
3:45 of 2nd period - Stopped by Samuel Montembeault without a rebound.
3:46 of 2nd period - Brett Connolly wins face-off versus Vladimir Tarasenko in CAROLINA zone.
3:47 of 2nd period - Shot by Darnell Nurse.
3:47 of 2nd period - Shot Blocked by Alexander Radulov.
3:49 of 2nd period - Shot by Carl Soderberg.
3:49 of 2nd period - Shot Misses the Net.
3:51 of 2nd period - Shot by Andy Greene.
3:51 of 2nd period - Shot Blocked by Duncan Keith.
3:57 of 2nd period - Shot by Brett Connolly.
3:57 of 2nd period - Shot Blocked by Alexander Radulov.
3:59 of 2nd period - Shot by Andy Greene.
3:59 of 2nd period - Stopped by Samuel Montembeault without a rebound.
4:00 of 2nd period - Vladimir Tarasenko wins face-off versus Brett Connolly in CAROLINA zone.
4:27 of 2nd period - Icing by Brett Howden.
4:28 of 2nd period - Brett Howden wins face-off versus Alexander Radulov in ST.LOUIS zone.
5:08 of 2nd period - Duncan Keith is hit by Brenden Dillon and loses puck.
5:16 of 2nd period - Icing by Brayden McNabb.
5:17 of 2nd period - Ryan Johansen wins face-off versus Patrice Bergeron in ST.LOUIS zone.
5:27 of 2nd period - Shot by Jeff Carter.
5:27 of 2nd period - Shot Misses the Net.
5:29 of 2nd period - Shot by Ryan Johansen.
5:29 of 2nd period - Stopped by Samuel Montembeault without a rebound.
5:30 of 2nd period - Carl Soderberg wins face-off versus Luke Kunin in CAROLINA zone.
5:57 of 2nd period - Icing by Andy Greene.
5:58 of 2nd period - Patrice Bergeron wins face-off versus Carl Soderberg in ST.LOUIS zone.
6:25 of 2nd period - Darnell Nurse is hit by Deryk Engelland and loses puck.
6:34 of 2nd period - Shot by Patrice Bergeron.
6:34 of 2nd period - Stopped by Semyon Varlamov without a rebound.
6:35 of 2nd period - Ryan Johansen wins face-off versus Nicklas Backstrom in ST.LOUIS zone.
7:43 of 2nd period - Icing by Brenden Dillon.
7:44 of 2nd period - Patrice Bergeron wins face-off versus Ryan Johansen in ST.LOUIS zone.
8:29 of 2nd period - Andy Greene is hit by Deryk Engelland and loses puck.
8:34 of 2nd period - Shot by Brett Howden.
8:34 of 2nd period - Stopped by Samuel Montembeault with a rebound.
9:21 of 2nd period - Andy Greene is hit by Matt Martin and loses puck.
9:35 of 2nd period - Off-side.
9:36 of 2nd period - Nicklas Backstrom wins face-off versus Carl Soderberg in neutral zone.
10:28 of 2nd period - Minor Penalty to Sam Lafferty for Slashing.
10:29 of 2nd period - Patrice Bergeron wins face-off versus Ryan Johansen in CAROLINA zone.
13:13 of 2nd period - Adam Fox is hit by Sam Lafferty and loses puck.
13:17 of 2nd period - Minor Penalty to Joel L'Esperance for Holding Stick.
13:18 of 2nd period - Carl Soderberg wins face-off versus Vladimir Tarasenko in CAROLINA zone.
13:29 of 2nd period - Shot by Andy Greene.
13:29 of 2nd period - Shot Misses the Net.
14:00 of 2nd period - Icing by Johnny Gaudreau.
14:01 of 2nd period - Ryan Johansen wins face-off versus Nicklas Backstrom in ST.LOUIS zone.
14:01 of 2nd period - Ryan Johansen is hit by Deryk Engelland.
14:25 of 2nd period - Duncan Keith is hit by Jeff Carter and loses puck.
15:53 of 2nd period - Icing by Matt Martin.
15:54 of 2nd period - Blake Lizotte wins face-off versus Luke Kunin in CAROLINA zone.
16:41 of 2nd period - Icing by Brayden McNabb.
16:42 of 2nd period - Blake Lizotte wins face-off versus Nicklas Backstrom in ST.LOUIS zone.
16:42 of 2nd period - Blake Lizotte is hit by Kyle Clifford.
17:06 of 2nd period - Shot by Nicklas Backstrom.
17:06 of 2nd period - Shot Misses the Net.
17:08 of 2nd period - Shot by Deryk Engelland.
17:08 of 2nd period - Stopped by Semyon Varlamov with a rebound.
17:10 of 2nd period - Shot by Kyle Clifford.
17:10 of 2nd period - Shot Misses the Net.
17:16 of 2nd period - Shot by Nicklas Backstrom.
17:16 of 2nd period - Shot Misses the Net.
17:23 of 2nd period - Blake Lizotte is hit by Deryk Engelland and loses puck.
18:13 of 2nd period - Shot by Ryan Johansen.
18:13 of 2nd period - Stopped by Samuel Montembeault without a rebound.
18:14 of 2nd period - Carl Soderberg wins face-off versus Luke Kunin in CAROLINA zone.
18:36 of 2nd period - Carl Soderberg is hit by Duncan Keith and loses puck.
19:56 of 2nd period - Darnell Nurse is hit by Vladimir Tarasenko and loses puck.
Goals for this period are 1 for CAROLINA vs 0 for ST.LOUIS.
Shots for this period are 7 for CAROLINA vs 5 for ST.LOUIS.

3rd period


0:01 of 3rd period - Ryan Johansen wins face-off versus Dominik Kubalik in neutral zone.
0:12 of 3rd period - Jeff Carter is hit by Dominik Kubalik and loses puck.
0:32 of 3rd period - Shot by Ryan Johansen.
0:32 of 3rd period - Shot Misses the Net.
0:34 of 3rd period - Shot by Ryan Johansen.
0:34 of 3rd period - Shot Misses the Net.
1:23 of 3rd period - Minor Penalty to Kyle Clifford for Holding.
1:24 of 3rd period - Luke Kunin wins face-off versus Brett Connolly in CAROLINA zone.
1:49 of 3rd period - Shot by Andy Greene.
1:49 of 3rd period - Stopped by Samuel Montembeault without a rebound.
1:50 of 3rd period - Ryan Johansen wins face-off versus Luke Kunin in CAROLINA zone.
2:21 of 3rd period - Shot by Jeff Carter.
2:21 of 3rd period - Shot Blocked by Shea Weber.
2:28 of 3rd period - Icing by Brenden Dillon.
2:29 of 3rd period - Patrice Bergeron wins face-off versus Ryan Johansen in ST.LOUIS zone.
3:54 of 3rd period - Minor Penalty to Brett Howden for Boarding.
3:55 of 3rd period - Jaden Schwartz wins face-off versus Nicklas Backstrom in ST.LOUIS zone.
4:47 of 3rd period - Shot by Duncan Keith.
4:47 of 3rd period - Stopped by Semyon Varlamov without a rebound.
4:48 of 3rd period - Johnny Gaudreau wins face-off versus Patrice Bergeron in ST.LOUIS zone.
5:29 of 3rd period - Shot by Brent Burns.
5:29 of 3rd period - Shot Blocked by Andy Greene.
5:49 of 3rd period - Shot by Shea Weber.
5:49 of 3rd period - Stopped by Semyon Varlamov without a rebound.
5:50 of 3rd period - Patrice Bergeron wins face-off versus Jaden Schwartz in ST.LOUIS zone.
5:51 of 3rd period - Shot by Duncan Keith.
5:51 of 3rd period - Stopped by Semyon Varlamov with a rebound.
6:03 of 3rd period - Shot by Luke Kunin.
6:03 of 3rd period - Shot Misses the Net.
6:31 of 3rd period - Shot by Neal Pionk.
6:31 of 3rd period - Shot Misses the Net.
6:33 of 3rd period - Shot by Brett Howden.
6:33 of 3rd period - Goal by Brett Howden - CAROLINA : 2 - ST.LOUIS : 1.
6:34 of 3rd period - Carl Soderberg wins face-off versus Sam Lafferty in neutral zone.
6:41 of 3rd period - Shot by Carl Soderberg.
6:41 of 3rd period - Shot Misses the Net.
7:34 of 3rd period - Shot by Alexander Radulov.
7:34 of 3rd period - Shot Misses the Net.
7:36 of 3rd period - Shot by Brent Burns.
7:36 of 3rd period - Stopped by Semyon Varlamov without a rebound.
7:37 of 3rd period - Brett Howden wins face-off versus Luke Kunin in ST.LOUIS zone.
7:44 of 3rd period - Shot by Matt Martin.
7:44 of 3rd period - Stopped by Semyon Varlamov without a rebound.
7:45 of 3rd period - Ryan Johansen wins face-off versus Nicklas Backstrom in ST.LOUIS zone.
7:45 of 3rd period - Johnny Gaudreau is hit by Kyle Clifford and loses puck.
7:46 of 3rd period - Minor Penalty to Alexander Radulov for Elbowing.
7:47 of 3rd period - Patrice Bergeron wins face-off versus Ryan Johansen in CAROLINA zone.
8:27 of 3rd period - Shot by Jeff Carter.
8:27 of 3rd period - Deflect By Johnny Gaudreau.
8:27 of 3rd period - Shot Misses the Net.
8:47 of 3rd period - Shot by Carl Soderberg.
8:47 of 3rd period - Stopped by Samuel Montembeault without a rebound.
8:48 of 3rd period - Patrice Bergeron wins face-off versus Carl Soderberg in CAROLINA zone.
9:44 of 3rd period - Off-side.
9:45 of 3rd period - Ryan Johansen wins face-off versus Vladimir Tarasenko in neutral zone.
9:47 of 3rd period - Off-side.
9:48 of 3rd period - Joonas Donskoi wins face-off versus Luke Kunin in neutral zone.
10:36 of 3rd period - Brett Howden is hit by Matt Martin and loses puck.
10:52 of 3rd period - Icing by Brent Burns.
10:53 of 3rd period - Nicklas Backstrom wins face-off versus Ryan Johansen in CAROLINA zone.
10:53 of 3rd period - Nicklas Backstrom is hit by Jeff Carter.
11:33 of 3rd period - Darnell Nurse is hit by Kyle Clifford and loses puck.
12:13 of 3rd period - Shot by Jaden Schwartz.
12:13 of 3rd period - Goal by Jaden Schwartz - CAROLINA : 2 - ST.LOUIS : 2.
12:14 of 3rd period - Blake Lizotte wins face-off versus Luke Kunin in neutral zone.
12:16 of 3rd period - Off-side.
12:17 of 3rd period - Blake Lizotte wins face-off versus Adam Henrique in neutral zone.
12:26 of 3rd period - Icing by Shea Weber.
12:27 of 3rd period - Luke Kunin wins face-off versus Carl Soderberg in CAROLINA zone.
12:45 of 3rd period - Shot by Matt Martin.
12:45 of 3rd period - Shot Misses the Net.
12:57 of 3rd period - Shea Weber is hit by Carl Soderberg and loses puck.
13:44 of 3rd period - Shot by Johnny Gaudreau.
13:44 of 3rd period - Deflect By Jeff Carter.
13:44 of 3rd period - Shot Blocked by Vladimir Tarasenko.
14:28 of 3rd period - Shot by Kyle Clifford.
14:28 of 3rd period - Deflect By Nicklas Backstrom.
14:28 of 3rd period - Stopped by Semyon Varlamov without a rebound.
14:29 of 3rd period - Nicklas Backstrom wins face-off versus Blake Lizotte in ST.LOUIS zone.
14:34 of 3rd period - Shot by Shea Weber.
14:34 of 3rd period - Stopped by Semyon Varlamov without a rebound.
14:35 of 3rd period - Nicklas Backstrom wins face-off versus Brett Howden in ST.LOUIS zone.
14:38 of 3rd period - Shot by Alexander Radulov.
14:38 of 3rd period - Shot Misses the Net.
14:40 of 3rd period - Shot by Shea Weber.
14:40 of 3rd period - Shot Misses the Net.
14:45 of 3rd period - Icing by Adam Fox.
14:46 of 3rd period - Luke Kunin wins face-off versus Brett Howden in ST.LOUIS zone.
15:49 of 3rd period - Jeff Carter is hit by Shea Weber.
16:51 of 3rd period - Icing by Brett Connolly.
16:52 of 3rd period - Carl Soderberg wins face-off versus Luke Kunin in ST.LOUIS zone.
17:42 of 3rd period - Off-side.
17:43 of 3rd period - Patrice Bergeron wins face-off versus Ryan Johansen in neutral zone.
19:17 of 3rd period - Off-side.
19:18 of 3rd period - Carl Soderberg wins face-off versus Nicklas Backstrom in neutral zone.
19:30 of 3rd period - Shot by Jaden Schwartz.
19:30 of 3rd period - Shot Blocked by Deryk Engelland.
19:36 of 3rd period - Shot by Jaden Schwartz.
19:36 of 3rd period - Stopped by Samuel Montembeault without a rebound.
19:37 of 3rd period - Luke Kunin wins face-off versus Sam Gagner in CAROLINA zone.
19:39 of 3rd period - Minor Penalty to Sam Gagner for Interference.
19:40 of 3rd period - Nicklas Backstrom wins face-off versus Johnny Gaudreau in ST.LOUIS zone.
Goals for this period are 0 for CAROLINA vs 2 for ST.LOUIS.
Shots for this period are 7 for CAROLINA vs 5 for ST.LOUIS.

Overtime #1


0:01 of 1st overtime period - Patrice Bergeron wins face-off versus Johnny Gaudreau in neutral zone.
0:21 of 1st overtime period - Shot by Patrice Bergeron.
0:21 of 1st overtime period - Shot Misses the Net.
2:46 of 1st overtime period - Shot by Patrice Bergeron.
2:46 of 1st overtime period - Stopped by Semyon Varlamov with a rebound.
2:54 of 1st overtime period - Shot by Patrice Bergeron.
2:54 of 1st overtime period - Shot Misses the Net.
3:14 of 1st overtime period - Icing by Andy Greene.
3:15 of 1st overtime period - Patrice Bergeron wins face-off versus Blake Lizotte in ST.LOUIS zone.
3:18 of 1st overtime period - Shot by Patrice Bergeron.
3:18 of 1st overtime period - Stopped by Semyon Varlamov without a rebound.
3:19 of 1st overtime period - Jeff Carter wins face-off versus Nicklas Backstrom in ST.LOUIS zone.
3:29 of 1st overtime period - Off-side.
3:30 of 1st overtime period - Jeff Carter wins face-off versus Nicklas Backstrom in neutral zone.
3:42 of 1st overtime period - Shot by Jeff Carter.
3:42 of 1st overtime period - Goal by Jeff Carter - CAROLINA : 2 - ST.LOUIS : 3.
Goals for this period are 0 for CAROLINA vs 1 for ST.LOUIS.
Shots for this period are 2 for CAROLINA vs 1 for ST.LOUIS.